Panthers vs Blues

Created - 25 février 2021 at 20:55

Goals
1 2 3 T
Panthers 1 2 1 4
Blues 1 0 1 2
Shots
1 2 3 T
Panthers 7 16 12 35
Blues 8 10 13 31

1st period

1. Panthers , Matt Calvert 8 (Charlie McAvoy 27) at 11:39
2. Blues , Miles Wood 7 (Martin Necas 6, Christian Dvorak 24) at 14:14

Penalties :
Jakob Chychrun (STL) for Roughing (Minor) at 15:24

2nd period

3. Panthers , Colton Parayko 13 (Dylan Larkin 40, Sebastian Aho 47) at 8:39
4. Panthers , Colton Parayko 14 (Alex Ovechkin 31, Samuel Girard 30) at 14:13 (PP)

Penalties :
Alex Ovechkin (FLA) for Hooking (Minor) at 0:12, Jakob Chychrun (STL) for Unsportsmanlike conduct (Major / Game Misconduct) at 13:55, Carter Hart (STL) for Slashing (Minor) at 15:17 - MacKenzie Weegar served the penalty.

3rd period

5. Blues , Josh Bailey 20 (Jack Eichel 50, Dougie Hamilton 32) at 12:59
6. Panthers , Derek Grant 7 (Matt Calvert 5, Colton Parayko 37) at 19:31 (Empty Net)

Penalties :
Alex Ovechkin (FLA) for High sticking (Minor) at 9:47, Michael Chaput (STL) for Hooking (Minor) at 17:20, Jeff Petry (FLA) for High sticking (Minor) at 17:20

Goalie Stats

Corey Crawford (FLA), 29 saves from 31 shots - (0,935), W, 50-1-3, 60:00 minutes
Carter Hart (STL), 31 saves from 34 shots - (0,912), L, 36-16-7, 58:46 minutes

Players Stats for Panthers

Player Name              G  A  P  +/- PIM S  H  SB GA TA FO     MP     PP MP  PK MP  
------------------------------------------------------------------------------------
Aleksander Barkov        0  0  0   0  0   2  0  0  0  0  17/32  20:55   3:20   0:45 
Alex Ovechkin            0  1  1   1  4   4  0  1  0  0  0/1    20:28   3:38   0:00 
Andrew Copp              0  0  0  -2  0   1  0  0  0  0  2/2    11:49   0:00   0:14 
Charlie McAvoy           0  1  1   0  0   1  1  3  0  0  0/0    16:11   0:00   1:49 
Colton Parayko           2  1  3   2  0   9  1  1  0  0  0/0    21:46   3:36   0:28 
Derek Grant              1  0  1   2  0   2  0  0  0  0  2/2     5:21   0:00   1:34 
Dylan Larkin             0  1  1   1  0   5  1  0  0  0  15/27  20:30   3:38   0:00 
Jean-Gabriel Pageau      0  0  0  -1  0   1  3  0  0  0  12/17  13:46   0:00   1:59 
Jeff Petry               0  0  0   0  2   2  2  1  0  0  0/0    21:52   3:22   1:41 
Jonathan Huberdeau       0  0  0   0  0   1  0  0  0  0  0/1    20:10   3:20   0:00 
Matt Calvert             1  1  2   2  0   1  0  0  0  0  0/0     5:21   0:00   1:34 
Matthew Tkachuk          0  0  0   0  0   1  3  0  0  0  0/0    18:55   3:20   0:00 
Nate Thompson            0  0  0   1  0   0  0  0  0  0  4/8     3:35   0:00   0:00 
Oskar Sundqvist          0  0  0  -2  0   2  1  0  0  0  0/2    13:25   0:00   1:50 
Quinn Hughes             0  0  0  -1  0   1  0  0  0  0  0/0    23:18   3:22   1:41 
Samuel Girard            0  1  1   1  0   1  1  1  0  0  0/0    21:56   3:36   0:28 
Sebastian Aho            0  1  1   1  0   1  0  0  0  0  2/6    19:46   3:38   0:00 
Zdeno Chara              0  0  0   0  0   0  1  3  0  0  0/0    14:56   0:00   1:49 

Players Stats for Blues

Player Name              G  A  P  +/- PIM S  H  SB GA TA FO     MP     PP MP  PK MP  
------------------------------------------------------------------------------------
Christian Dvorak         0  1  1   0  0   6  0  0  0  0  4/10   13:51   1:24   0:08 
Connor Brown             0  0  0  -1  0   1  2  0  0  0  1/2    20:36   2:14   1:07 
Dougie Hamilton          0  1  1   0  0   2  0  3  0  0  0/0    24:34   1:36   3:08 
Henri Jokiharju          0  0  0   0  0   0  1  2  0  0  0/0    15:33   0:00   1:35 
Jack Eichel              0  1  1   0  0   6  0  0  0  0  11/27  20:51   1:57   0:00 
Jakob Chychrun           0  0  0   0  17  0  1  3  0  0  0/0     8:30   0:43   0:00 
Johnny Gaudreau          0  0  0  -1  0   1  0  0  0  0  0/3    17:54   1:44   0:00 
Jordan Staal             0  0  0   0  0   0  0  0  0  0  11/15   7:34   0:20   3:58 
Josh Bailey              1  0  1   1  0   4  2  0  0  0  0/3    19:01   1:24   0:00 
MacKenzie Weegar         0  0  0   0  0   0  0  0  0  0  0/0     3:09   0:58   0:44 
Martin Necas             0  1  1   0  0   1  0  0  0  0  0/1    10:37   0:00   0:00 
Michael Chaput           0  0  0   0  2   0  1  0  0  0  1/5     4:42   0:00   2:14 
Mikko Rantanen           0  0  0   0  0   1  0  0  0  0  2/3    21:17   2:34   0:00 
Miles Wood               1  0  1   0  0   4  2  0  0  0  1/2    14:04   0:00   3:27 
P.K. Subban              0  0  0  -1  0   0  2  1  0  0  0/0    23:02   0:00   2:46 
Ryan Pulock              0  0  0   1  0   1  1  0  0  0  0/0    18:03   0:41   1:35 
Sean Couturier           0  0  0  -2  0   2  5  0  0  0  13/27  20:33   2:14   1:03 
Seth Jones               0  0  0  -2  0   2  1  4  0  0  0/0    25:10   2:01   4:08 

3 Stars

1 - Colton Parayko (FLA)
2 - Matt Calvert (FLA)
3 - Derek Grant (FLA)

Power Play

Panthers - 1 on 4 Attempt(s) - 25,00%
Blues - 0 on 2 Attempt(s) - 0,00%

Penalty Kill

Panthers - 2 on 2 Attempt(s) - 100,00% - Score 0 goal in Penalty Kill
Blues - 3 on 4 Attempt(s) - 75,00% - Score 0 goal in Penalty Kill

Team Stat

Panthers - Hits : 14 - Faceoff Wins : 54 - Blocked Shots : 10 - Penalty Minutes : 6
Blues - Hits : 18 - Faceoff Wins : 44 - Blocked Shots : 13 - Penalty Minutes : 21

Official

Referees : Gord Dwyer and Troy Paterson
Linesman : Matt Brady and David Brisebois

Game Notes

Jakob Chychrun ejected from game at 13:55 of 2nd period
Derek Grant has scored in a empty net!

Finance

Level 1 -- Attendance: 5855 (90,08%) -- Ticket Income 644 050 $
Level 2 -- Attendance: 5000 (100,00%) -- Ticket Income 375 000 $
Level 3 -- Attendance: 3304 (94,40%) -- Ticket Income 181 720 $
Level 4 -- Attendance: 1562 (100,00%) -- Ticket Income 60 918 $
Luxury Box -- Attendance: 1000 (100,00%) -- Ticket Income 199 000 $
Game was played at the Scottrade Center.
Total Attendance: 16721 (95,21%)
Total Ticket Income: 1 460 688 $
Other Income: 715 737 $
Total Income: 2 176 425 $

% Time on Ice - Panthers

Lines # - Real PCT - Wanted PCT - Time Play
Normal Forward
1 - 33% - 33% - 15:35
2 - 34% - 33% - 16:08
3 - 25% - 24% - 11:35
4 - 8% - 10% - 3:35
Normal Defense
1 - 35% - 40% - 16:38
2 - 37% - 40% - 17:30
3 - 27% - 20% - 12:45
4 - 0% - 0% - 0:00
PP Forward
1 - 48% - 50% - 3:20
2 - 52% - 50% - 3:38
PP Defense
1 - 48% - 50% - 3:22
2 - 52% - 50% - 3:36
PK Forward
1 - 61% - 60% - 2:24
2 - 39% - 40% - 1:34
PK Defense
1 - 42% - 60% - 1:41
2 - 58% - 40% - 2:17
PK3 Forward
1 - 0% - 60%
2 - 0% - 40%
PK3 Defense
1 - 0% - 60%
2 - 0% - 40%
44 Forward
1 - 63% - 50% - 1:15
2 - 37% - 50% - 0:44
44 Defense
1 - 82% - 60% - 1:37
2 - 18% - 40% - 0:22
Last Minute Offensive  - 0:00
Last Minute Defensive  - 0:12
Total
Forward - 60:00
Defense - 60:00

% Time on Ice - Blues

Lines # - Real PCT - Wanted PCT - Time Play
Normal Forward
1 - 38% - 40% - 17:37
2 - 34% - 35% - 16:10
3 - 23% - 20% - 10:37
4 - 5% - 5% - 2:29
Normal Defense
1 - 35% - 42% - 16:36
2 - 34% - 42% - 15:47
3 - 30% - 16% - 13:58
4 - 1% - 0% - 0:32
PP Forward
1 - 65% - 60% - 2:34
2 - 35% - 40% - 1:24
PP Defense
1 - 49% - 60% - 1:57
2 - 51% - 40% - 2:01
PK Forward
1 - 81% - 60% - 4:02
2 - 19% - 40% - 0:57
PK Defense
1 - 37% - 60% - 1:51
2 - 63% - 40% - 3:08
PK3 Forward
1 - 20% - 50% - 0:24
2 - 80% - 50% - 1:35
PK3 Defense
1 - 80% - 60% - 1:35
2 - 20% - 40% - 0:24
44 Forward
1 - 55% - 50% - 1:05
2 - 45% - 50% - 0:54
44 Defense
1 - 45% - 50% - 0:54
2 - 55% - 50% - 1:05
Last Minute Offensive  - 0:12
Last Minute Defensive  - 0:00
Total
Forward - 60:00
Defense - 60:00

Play-by-Play

1st period


0:01 of 1st period - Aleksander Barkov wins face-off versus Jack Eichel in neutral zone.
0:04 of 1st period - Seth Jones is hit by Matthew Tkachuk.
0:14 of 1st period - Shot by Mikko Rantanen.
0:14 of 1st period - Stopped by Corey Crawford without a rebound.
0:15 of 1st period - Sean Couturier wins face-off versus Dylan Larkin in Panthers zone.
1:25 of 1st period - Shot by Martin Necas.
1:25 of 1st period - Shot Misses the Net.
1:27 of 1st period - Shot by P.K. Subban.
1:27 of 1st period - Shot Misses the Net.
2:13 of 1st period - Off-side.
2:14 of 1st period - Jean-Gabriel Pageau wins face-off versus Connor Brown in neutral zone.
2:21 of 1st period - Shot by Jean-Gabriel Pageau.
2:21 of 1st period - Shot Misses the Net.
2:34 of 1st period - Off-side.
2:35 of 1st period - Aleksander Barkov wins face-off versus Jack Eichel in neutral zone.
2:38 of 1st period - Shot by Jonathan Huberdeau.
2:38 of 1st period - Shot Blocked by Jakob Chychrun.
2:57 of 1st period - Shot by Josh Bailey.
2:57 of 1st period - Shot Blocked by Charlie McAvoy.
3:54 of 1st period - Shot by Jean-Gabriel Pageau.
3:54 of 1st period - Shot Misses the Net.
4:43 of 1st period - Icing by Dougie Hamilton.
4:44 of 1st period - Jordan Staal wins face-off versus Aleksander Barkov in Blues zone.
5:52 of 1st period - Shot by Jean-Gabriel Pageau.
5:52 of 1st period - Stopped by Carter Hart without a rebound.
5:53 of 1st period - Nate Thompson wins face-off versus Jack Eichel in Blues zone.
5:56 of 1st period - Shot by Derek Grant.
5:56 of 1st period - Shot Misses the Net.
7:04 of 1st period - Shot by Dylan Larkin.
7:04 of 1st period - Shot Misses the Net.
7:31 of 1st period - Icing by Jonathan Huberdeau.
7:32 of 1st period - Aleksander Barkov wins face-off versus Christian Dvorak in Panthers zone.
7:57 of 1st period - Shot by Samuel Girard.
7:57 of 1st period - Shot Misses the Net.
8:11 of 1st period - Shot by Ryan Pulock.
8:11 of 1st period - Stopped by Corey Crawford without a rebound.
8:12 of 1st period - Jean-Gabriel Pageau wins face-off versus Sean Couturier in Panthers zone.
8:21 of 1st period - Shot by Sean Couturier.
8:21 of 1st period - Stopped by Corey Crawford without a rebound.
8:22 of 1st period - Sean Couturier wins face-off versus Dylan Larkin in Panthers zone.
9:23 of 1st period - Shot by Christian Dvorak.
9:23 of 1st period - Stopped by Corey Crawford without a rebound.
9:24 of 1st period - Jordan Staal wins face-off versus Aleksander Barkov in Panthers zone.
9:32 of 1st period - Icing by Jonathan Huberdeau.
9:33 of 1st period - Aleksander Barkov wins face-off versus Jack Eichel in Panthers zone.
9:35 of 1st period - Icing by Jonathan Huberdeau.
9:36 of 1st period - Mikko Rantanen wins face-off versus Aleksander Barkov in Panthers zone.
9:49 of 1st period - Icing by Ryan Pulock.
9:50 of 1st period - Jean-Gabriel Pageau wins face-off versus Josh Bailey in Blues zone.
9:51 of 1st period - Shot by Oskar Sundqvist.
9:51 of 1st period - Stopped by Carter Hart without a rebound.
9:52 of 1st period - Christian Dvorak wins face-off versus Jean-Gabriel Pageau in Blues zone.
9:59 of 1st period - Andrew Copp is hit by Miles Wood.
10:20 of 1st period - P.K. Subban is hit by Jean-Gabriel Pageau and loses puck.
10:28 of 1st period - Icing by Seth Jones.
10:29 of 1st period - Aleksander Barkov wins face-off versus Christian Dvorak in Blues zone.
10:40 of 1st period - Shot by Christian Dvorak.
10:40 of 1st period - Shot Misses the Net.
10:56 of 1st period - Off-side.
10:57 of 1st period - Sean Couturier wins face-off versus Nate Thompson in neutral zone.
10:59 of 1st period - Connor Brown is hit by Zdeno Chara.
11:06 of 1st period - Icing by Matt Calvert.
11:07 of 1st period - Jack Eichel wins face-off versus Nate Thompson in Panthers zone.
11:19 of 1st period - Icing by Charlie McAvoy.
11:20 of 1st period - Nate Thompson wins face-off versus Sean Couturier in Panthers zone.
11:39 of 1st period - Shot by Matt Calvert.
11:39 of 1st period - Goal by Matt Calvert - Panthers : 1 - Blues : 0.
11:40 of 1st period - Jack Eichel wins face-off versus Aleksander Barkov in neutral zone.
11:52 of 1st period - Off-side.
11:53 of 1st period - Andrew Copp wins face-off versus Johnny Gaudreau in neutral zone.
12:02 of 1st period - Off-side.
12:03 of 1st period - Aleksander Barkov wins face-off versus Jack Eichel in neutral zone.
12:21 of 1st period - Aleksander Barkov is hit by Ryan Pulock and loses puck.
13:28 of 1st period - Shot by Alex Ovechkin.
13:28 of 1st period - Shot Blocked by P.K. Subban.
13:30 of 1st period - Shot by Sebastian Aho.
13:30 of 1st period - Shot Misses the Net.
14:09 of 1st period - Christian Dvorak is hit by Charlie McAvoy and loses puck.
14:12 of 1st period - Shot by Martin Necas.
14:12 of 1st period - Deflect By Miles Wood.
14:12 of 1st period - Shot Misses the Net.
14:14 of 1st period - Shot by Miles Wood.
14:14 of 1st period - Goal by Miles Wood - Panthers : 1 - Blues : 1.
14:15 of 1st period - Jack Eichel wins face-off versus Nate Thompson in neutral zone.
14:40 of 1st period - Shot by Jack Eichel.
14:40 of 1st period - Stopped by Corey Crawford with a rebound.
14:42 of 1st period - Shot by Dougie Hamilton.
14:42 of 1st period - Stopped by Corey Crawford without a rebound.
14:43 of 1st period - Aleksander Barkov wins face-off versus Christian Dvorak in Panthers zone.
14:43 of 1st period - Aleksander Barkov is hit by Miles Wood.
14:57 of 1st period - Shot by Matthew Tkachuk.
14:57 of 1st period - Shot Misses the Net.
15:24 of 1st period - Minor Penalty to Jakob Chychrun for Roughing.
15:25 of 1st period - Jordan Staal wins face-off versus Dylan Larkin in Blues zone.
15:33 of 1st period - Icing by Colton Parayko.
15:34 of 1st period - Jordan Staal wins face-off versus Dylan Larkin in Panthers zone.
15:58 of 1st period - Shot by Sebastian Aho.
15:58 of 1st period - Shot Misses the Net.
16:00 of 1st period - Shot by Colton Parayko.
16:00 of 1st period - Shot Misses the Net.
16:04 of 1st period - Shot by Sebastian Aho.
16:04 of 1st period - Shot Misses the Net.
16:06 of 1st period - Shot by Colton Parayko.
16:06 of 1st period - Stopped by Carter Hart without a rebound.
16:07 of 1st period - Aleksander Barkov wins face-off versus Michael Chaput in Blues zone.
16:12 of 1st period - Shot by Jeff Petry.
16:12 of 1st period - Shot Misses the Net.
16:14 of 1st period - Shot by Jeff Petry.
16:14 of 1st period - Shot Misses the Net.
16:16 of 1st period - Shot by Jeff Petry.
16:16 of 1st period - Shot Misses the Net.
16:18 of 1st period - Shot by Jonathan Huberdeau.
16:18 of 1st period - Stopped by Carter Hart without a rebound.
16:19 of 1st period - Jordan Staal wins face-off versus Aleksander Barkov in Blues zone.
16:38 of 1st period - Shot by Matthew Tkachuk.
16:38 of 1st period - Stopped by Carter Hart without a rebound.
16:39 of 1st period - Jordan Staal wins face-off versus Dylan Larkin in Blues zone.
17:02 of 1st period - Off-side.
17:03 of 1st period - Aleksander Barkov wins face-off versus Michael Chaput in neutral zone.
17:06 of 1st period - Shot by Jonathan Huberdeau.
17:06 of 1st period - Shot Blocked by Dougie Hamilton.
17:41 of 1st period - Josh Bailey is hit by Oskar Sundqvist and loses puck.
18:05 of 1st period - Icing by Henri Jokiharju.
18:06 of 1st period - Sebastian Aho wins face-off versus Josh Bailey in Blues zone.
18:16 of 1st period - Shot by Alex Ovechkin.
18:16 of 1st period - Shot Blocked by Henri Jokiharju.
18:20 of 1st period - Shot by Dylan Larkin.
18:20 of 1st period - Shot Blocked by Jakob Chychrun.
18:22 of 1st period - Shot by Colton Parayko.
18:22 of 1st period - Stopped by Carter Hart without a rebound.
18:23 of 1st period - Sean Couturier wins face-off versus Aleksander Barkov in Blues zone.
18:23 of 1st period - Sean Couturier is hit by Matthew Tkachuk.
18:56 of 1st period - Shot by Sean Couturier.
18:56 of 1st period - Shot Misses the Net.
19:35 of 1st period - Shot by Christian Dvorak.
19:35 of 1st period - Stopped by Corey Crawford without a rebound.
19:36 of 1st period - Jean-Gabriel Pageau wins face-off versus Jack Eichel in Panthers zone.
Goals for this period are 1 for Panthers vs 1 for Blues.
Shots for this period are 7 for Panthers vs 8 for Blues.

2nd period


0:01 of 2nd period - Dylan Larkin wins face-off versus Sean Couturier in neutral zone.
0:07 of 2nd period - Off-side.
0:08 of 2nd period - Sebastian Aho wins face-off versus Sean Couturier in neutral zone.
0:11 of 2nd period - Shot by Dylan Larkin.
0:11 of 2nd period - Shot Blocked by Seth Jones.
0:12 of 2nd period - Minor Penalty to Alex Ovechkin for Hooking.
0:13 of 2nd period - Sean Couturier wins face-off versus Jean-Gabriel Pageau in Panthers zone.
0:45 of 2nd period - Shot by Jack Eichel.
0:45 of 2nd period - Stopped by Corey Crawford with a rebound.
1:29 of 2nd period - Shot by Seth Jones.
1:29 of 2nd period - Stopped by Corey Crawford without a rebound.
1:30 of 2nd period - Derek Grant wins face-off versus Sean Couturier in Panthers zone.
1:48 of 2nd period - Shot by Jack Eichel.
1:48 of 2nd period - Shot Blocked by Charlie McAvoy.
1:50 of 2nd period - Shot by Sean Couturier.
1:50 of 2nd period - Shot Misses the Net.
1:52 of 2nd period - Shot by Connor Brown.
1:52 of 2nd period - Shot Misses the Net.
1:54 of 2nd period - Shot by Sean Couturier.
1:54 of 2nd period - Shot Blocked by Charlie McAvoy.
1:56 of 2nd period - Shot by Jack Eichel.
1:56 of 2nd period - Shot Blocked by Zdeno Chara.
1:58 of 2nd period - Shot by Jack Eichel.
1:58 of 2nd period - Stopped by Corey Crawford without a rebound.
1:59 of 2nd period - Jean-Gabriel Pageau wins face-off versus Christian Dvorak in Panthers zone.
2:16 of 2nd period - Icing by Samuel Girard.
2:17 of 2nd period - Dylan Larkin wins face-off versus Miles Wood in Panthers zone.
2:27 of 2nd period - Shot by Christian Dvorak.
2:27 of 2nd period - Shot Blocked by Samuel Girard.
2:31 of 2nd period - Shot by Miles Wood.
2:31 of 2nd period - Stopped by Corey Crawford without a rebound.
2:32 of 2nd period - Jack Eichel wins face-off versus Aleksander Barkov in Panthers zone.
2:37 of 2nd period - Shot by Josh Bailey.
2:37 of 2nd period - Stopped by Corey Crawford without a rebound.
2:38 of 2nd period - Sean Couturier wins face-off versus Sebastian Aho in Panthers zone.
3:04 of 2nd period - Icing by Seth Jones.
3:05 of 2nd period - Sean Couturier wins face-off versus Oskar Sundqvist in Blues zone.
3:05 of 2nd period - Johnny Gaudreau is hit by Jean-Gabriel Pageau and loses puck.
3:28 of 2nd period - Quinn Hughes is hit by Sean Couturier and loses puck.
3:43 of 2nd period - Shot by Oskar Sundqvist.
3:43 of 2nd period - Stopped by Carter Hart without a rebound.
3:44 of 2nd period - Dylan Larkin wins face-off versus Josh Bailey in Blues zone.
3:49 of 2nd period - Icing by Ryan Pulock.
3:50 of 2nd period - Dylan Larkin wins face-off versus Jack Eichel in Blues zone.
3:59 of 2nd period - Shot by Sebastian Aho.
3:59 of 2nd period - Shot Misses the Net.
4:10 of 2nd period - Icing by Josh Bailey.
4:11 of 2nd period - Jack Eichel wins face-off versus Jonathan Huberdeau in Blues zone.
4:16 of 2nd period - Quinn Hughes is hit by Josh Bailey and loses puck.
6:38 of 2nd period - Shot by Miles Wood.
6:38 of 2nd period - Stopped by Corey Crawford without a rebound.
6:39 of 2nd period - Nate Thompson wins face-off versus Jordan Staal in Panthers zone.
6:45 of 2nd period - Shot by Nate Thompson.
6:45 of 2nd period - Shot Misses the Net.
6:47 of 2nd period - Shot by Derek Grant.
6:47 of 2nd period - Shot Misses the Net.
6:49 of 2nd period - Shot by Derek Grant.
6:49 of 2nd period - Deflect By Nate Thompson.
6:49 of 2nd period - Shot Misses the Net.
6:51 of 2nd period - Shot by Quinn Hughes.
6:51 of 2nd period - Stopped by Carter Hart without a rebound.
6:52 of 2nd period - Aleksander Barkov wins face-off versus Jack Eichel in Blues zone.
6:55 of 2nd period - Shot by Aleksander Barkov.
6:55 of 2nd period - Shot Blocked by Jakob Chychrun.
6:57 of 2nd period - Shot by Colton Parayko.
6:57 of 2nd period - Stopped by Carter Hart without a rebound.
6:58 of 2nd period - Dylan Larkin wins face-off versus Jack Eichel in Blues zone.
7:07 of 2nd period - Shot by Alex Ovechkin.
7:07 of 2nd period - Stopped by Carter Hart with a rebound.
7:09 of 2nd period - Shot by Alex Ovechkin.
7:09 of 2nd period - Shot Misses the Net.
7:11 of 2nd period - Shot by Colton Parayko.
7:11 of 2nd period - Shot Blocked by Dougie Hamilton.
7:13 of 2nd period - Shot by Dylan Larkin.
7:13 of 2nd period - Shot Misses the Net.
7:24 of 2nd period - Shot by Dylan Larkin.
7:24 of 2nd period - Stopped by Carter Hart without a rebound.
7:25 of 2nd period - Christian Dvorak wins face-off versus Aleksander Barkov in Blues zone.
8:07 of 2nd period - Aleksander Barkov is hit by Henri Jokiharju and loses puck.
8:37 of 2nd period - Shot by Dylan Larkin.
8:37 of 2nd period - Shot Misses the Net.
8:39 of 2nd period - Shot by Colton Parayko.
8:39 of 2nd period - Goal by Colton Parayko - Panthers : 2 - Blues : 1.
8:40 of 2nd period - Jean-Gabriel Pageau wins face-off versus Jack Eichel in neutral zone.
8:40 of 2nd period - Andrew Copp is hit by Josh Bailey.
8:58 of 2nd period - Shot by Jack Eichel.
8:58 of 2nd period - Shot Misses the Net.
9:12 of 2nd period - Shot by Dougie Hamilton.
9:12 of 2nd period - Shot Blocked by Zdeno Chara.
9:14 of 2nd period - Shot by Josh Bailey.
9:14 of 2nd period - Stopped by Corey Crawford without a rebound.
9:15 of 2nd period - Connor Brown wins face-off versus Sebastian Aho in Panthers zone.
9:19 of 2nd period - Icing by Samuel Girard.
9:20 of 2nd period - Dylan Larkin wins face-off versus Johnny Gaudreau in Panthers zone.
10:21 of 2nd period - Shot by Aleksander Barkov.
10:21 of 2nd period - Shot Blocked by Seth Jones.
11:31 of 2nd period - Shot by Jean-Gabriel Pageau.
11:31 of 2nd period - Shot Misses the Net.
11:33 of 2nd period - Shot by Jean-Gabriel Pageau.
11:33 of 2nd period - Shot Misses the Net.
11:44 of 2nd period - Icing by Josh Bailey.
11:45 of 2nd period - Dylan Larkin wins face-off versus Mikko Rantanen in Blues zone.
11:52 of 2nd period - Shot by Sebastian Aho.
11:52 of 2nd period - Deflect By Dylan Larkin.
11:52 of 2nd period - Stopped by Carter Hart without a rebound.
11:53 of 2nd period - Christian Dvorak wins face-off versus Dylan Larkin in Blues zone.
12:00 of 2nd period - Icing by Colton Parayko.
12:01 of 2nd period - Dylan Larkin wins face-off versus Jordan Staal in Panthers zone.
12:05 of 2nd period - Off-side.
12:06 of 2nd period - Jack Eichel wins face-off versus Aleksander Barkov in neutral zone.
12:15 of 2nd period - Shot by Jack Eichel.
12:15 of 2nd period - Shot Hit the Post.
12:17 of 2nd period - Shot by Ryan Pulock.
12:17 of 2nd period - Shot Misses the Net.
12:19 of 2nd period - Shot by Dougie Hamilton.
12:19 of 2nd period - Shot Blocked by Jeff Petry.
12:38 of 2nd period - Icing by Quinn Hughes.
12:39 of 2nd period - Christian Dvorak wins face-off versus Aleksander Barkov in Panthers zone.
12:53 of 2nd period - Shot by Martin Necas.
12:53 of 2nd period - Shot Misses the Net.
12:55 of 2nd period - Shot by Christian Dvorak.
12:55 of 2nd period - Stopped by Corey Crawford without a rebound.
12:56 of 2nd period - Jordan Staal wins face-off versus Sebastian Aho in Panthers zone.
13:01 of 2nd period - Shot by Jordan Staal.
13:01 of 2nd period - Shot Blocked by Colton Parayko.
13:25 of 2nd period - Shot by Sebastian Aho.
13:25 of 2nd period - Stopped by Carter Hart without a rebound.
13:26 of 2nd period - Jack Eichel wins face-off versus Jean-Gabriel Pageau in Blues zone.
13:39 of 2nd period - Shot by Jack Eichel.
13:39 of 2nd period - Stopped by Corey Crawford without a rebound.
13:40 of 2nd period - Aleksander Barkov wins face-off versus Sean Couturier in Panthers zone.
13:40 of 2nd period - Aleksander Barkov is hit by Connor Brown.
13:51 of 2nd period - Aleksander Barkov is hit by Jakob Chychrun and loses puck.
13:55 of 2nd period - Major / Game Misconduct Penalty to Jakob Chychrun for Unsportsmanlike conduct.
13:55 of 2nd period - Jakob Chychrun is ejected from game.
13:56 of 2nd period - Dylan Larkin wins face-off versus Jordan Staal in Blues zone.
14:13 of 2nd period - Shot by Colton Parayko.
14:13 of 2nd period - Goal by Colton Parayko - Panthers : 3 - Blues : 1.
14:14 of 2nd period - Aleksander Barkov wins face-off versus Jordan Staal in neutral zone.
14:38 of 2nd period - Matthew Tkachuk is hit by Seth Jones and loses puck.
14:41 of 2nd period - Shot by Jeff Petry.
14:41 of 2nd period - Stopped by Carter Hart with a rebound.
15:14 of 2nd period - Alex Ovechkin is hit by P.K. Subban and loses puck.
15:17 of 2nd period - Shot by Dylan Larkin.
15:17 of 2nd period - Stopped by Carter Hart without a rebound.
15:17 of 2nd period - Minor Penalty to Carter Hart for Slashing.
15:18 of 2nd period - Dylan Larkin wins face-off versus Michael Chaput in Blues zone.
15:25 of 2nd period - Shot by Colton Parayko.
15:25 of 2nd period - Stopped by Carter Hart with a rebound.
15:27 of 2nd period - Shot by Colton Parayko.
15:27 of 2nd period - Stopped by Carter Hart without a rebound.
15:28 of 2nd period - Dylan Larkin wins face-off versus Michael Chaput in Blues zone.
15:33 of 2nd period - Shot by Colton Parayko.
15:33 of 2nd period - Deflect By Dylan Larkin.
15:33 of 2nd period - Shot Blocked by Henri Jokiharju.
15:35 of 2nd period - Shot by Colton Parayko.
15:35 of 2nd period - Stopped by Carter Hart without a rebound.
15:36 of 2nd period - Michael Chaput wins face-off versus Aleksander Barkov in Blues zone.
15:41 of 2nd period - Quinn Hughes is hit by Michael Chaput and loses puck.
16:52 of 2nd period - Shot by Dylan Larkin.
16:52 of 2nd period - Stopped by Carter Hart without a rebound.
16:53 of 2nd period - Jordan Staal wins face-off versus Dylan Larkin in Blues zone.
17:49 of 2nd period - Shot by Colton Parayko.
17:49 of 2nd period - Stopped by Carter Hart without a rebound.
17:50 of 2nd period - Jordan Staal wins face-off versus Aleksander Barkov in Blues zone.
18:46 of 2nd period - Shot by Christian Dvorak.
18:46 of 2nd period - Deflect By Miles Wood.
18:46 of 2nd period - Stopped by Corey Crawford without a rebound.
18:47 of 2nd period - Jordan Staal wins face-off versus Sebastian Aho in Panthers zone.
19:23 of 2nd period - Shot by Andrew Copp.
19:23 of 2nd period - Shot Misses the Net.
19:53 of 2nd period - Icing by Jeff Petry.
19:54 of 2nd period - Nate Thompson wins face-off versus Johnny Gaudreau in Panthers zone.
Goals for this period are 2 for Panthers vs 0 for Blues.
Shots for this period are 16 for Panthers vs 10 for Blues.

3rd period


0:01 of 3rd period - Dylan Larkin wins face-off versus Jack Eichel in neutral zone.
0:16 of 3rd period - Shot by Alex Ovechkin.
0:16 of 3rd period - Stopped by Carter Hart with a rebound.
0:18 of 3rd period - Shot by Alex Ovechkin.
0:18 of 3rd period - Stopped by Carter Hart with a rebound.
0:20 of 3rd period - Shot by Sebastian Aho.
0:20 of 3rd period - Deflect By Alex Ovechkin.
0:20 of 3rd period - Stopped by Carter Hart without a rebound.
0:21 of 3rd period - Aleksander Barkov wins face-off versus Sean Couturier in Blues zone.
0:21 of 3rd period - Quinn Hughes is hit by P.K. Subban and loses puck.
1:16 of 3rd period - Shot by Josh Bailey.
1:16 of 3rd period - Shot Misses the Net.
1:40 of 3rd period - Dougie Hamilton is hit by Dylan Larkin and loses puck.
2:09 of 3rd period - Shot by Alex Ovechkin.
2:09 of 3rd period - Deflect By Dylan Larkin.
2:09 of 3rd period - Shot Blocked by Seth Jones.
2:27 of 3rd period - Shot by Christian Dvorak.
2:27 of 3rd period - Shot Misses the Net.
2:29 of 3rd period - Shot by Seth Jones.
2:29 of 3rd period - Stopped by Corey Crawford without a rebound.
2:30 of 3rd period - Jean-Gabriel Pageau wins face-off versus Sean Couturier in Panthers zone.
2:30 of 3rd period - Jean-Gabriel Pageau is hit by Connor Brown.
2:33 of 3rd period - Icing by Charlie McAvoy.
2:34 of 3rd period - Sean Couturier wins face-off versus Jean-Gabriel Pageau in Panthers zone.
2:35 of 3rd period - Shot by Dougie Hamilton.
2:35 of 3rd period - Stopped by Corey Crawford without a rebound.
2:36 of 3rd period - Sean Couturier wins face-off versus Oskar Sundqvist in Panthers zone.
3:48 of 3rd period - P.K. Subban is hit by Matthew Tkachuk.
4:16 of 3rd period - Jack Eichel is hit by Jeff Petry and loses puck.
4:33 of 3rd period - Shot by Dylan Larkin.
4:33 of 3rd period - Shot Blocked by Seth Jones.
4:39 of 3rd period - Shot by Dylan Larkin.
4:39 of 3rd period - Shot Misses the Net.
4:41 of 3rd period - Shot by Alex Ovechkin.
4:41 of 3rd period - Shot Misses the Net.
4:43 of 3rd period - Shot by Samuel Girard.
4:43 of 3rd period - Stopped by Carter Hart without a rebound.
4:44 of 3rd period - Derek Grant wins face-off versus Martin Necas in Blues zone.
5:17 of 3rd period - Shot by Derek Grant.
5:17 of 3rd period - Stopped by Carter Hart without a rebound.
5:18 of 3rd period - Dylan Larkin wins face-off versus Sean Couturier in Blues zone.
5:50 of 3rd period - Icing by MacKenzie Weegar.
5:51 of 3rd period - Aleksander Barkov wins face-off versus Sean Couturier in Blues zone.
6:00 of 3rd period - Shot by Aleksander Barkov.
6:00 of 3rd period - Stopped by Carter Hart without a rebound.
6:01 of 3rd period - Jean-Gabriel Pageau wins face-off versus Jack Eichel in Blues zone.
6:19 of 3rd period - Off-side.
6:20 of 3rd period - Miles Wood wins face-off versus Alex Ovechkin in neutral zone.
6:29 of 3rd period - Shot by Christian Dvorak.
6:29 of 3rd period - Stopped by Corey Crawford without a rebound.
6:30 of 3rd period - Jack Eichel wins face-off versus Aleksander Barkov in Panthers zone.
6:39 of 3rd period - Shot by Josh Bailey.
6:39 of 3rd period - Stopped by Corey Crawford without a rebound.
6:40 of 3rd period - Sean Couturier wins face-off versus Dylan Larkin in Panthers zone.
6:41 of 3rd period - Shot by Connor Brown.
6:41 of 3rd period - Stopped by Corey Crawford without a rebound.
6:42 of 3rd period - Mikko Rantanen wins face-off versus Dylan Larkin in Panthers zone.
7:56 of 3rd period - Shot by Jeff Petry.
7:56 of 3rd period - Stopped by Carter Hart without a rebound.
7:57 of 3rd period - Sean Couturier wins face-off versus Jean-Gabriel Pageau in Blues zone.
7:57 of 3rd period - Sean Couturier is hit by Jean-Gabriel Pageau.
8:09 of 3rd period - Shot by Johnny Gaudreau.
8:09 of 3rd period - Shot Blocked by Zdeno Chara.
9:19 of 3rd period - Shot by Jonathan Huberdeau.
9:19 of 3rd period - Shot Misses the Net.
9:47 of 3rd period - Minor Penalty to Alex Ovechkin for High sticking.
9:48 of 3rd period - Jean-Gabriel Pageau wins face-off versus Sean Couturier in Panthers zone.
9:48 of 3rd period - Jean-Gabriel Pageau is hit by Sean Couturier.
11:20 of 3rd period - Shot by Ryan Pulock.
11:20 of 3rd period - Shot Misses the Net.
11:22 of 3rd period - Shot by Christian Dvorak.
11:22 of 3rd period - Stopped by Corey Crawford with a rebound.
12:09 of 3rd period - Jordan Staal is hit by Colton Parayko and loses puck.
12:43 of 3rd period - Icing by Mikko Rantanen.
12:44 of 3rd period - Jean-Gabriel Pageau wins face-off versus Jack Eichel in Blues zone.
12:59 of 3rd period - Shot by Josh Bailey.
12:59 of 3rd period - Goal by Josh Bailey - Panthers : 3 - Blues : 2.
13:00 of 3rd period - Aleksander Barkov wins face-off versus Sean Couturier in neutral zone.
13:39 of 3rd period - Charlie McAvoy is hit by Sean Couturier and loses puck.
13:59 of 3rd period - Dougie Hamilton is hit by Jeff Petry and loses puck.
14:03 of 3rd period - Icing by Jeff Petry.
14:04 of 3rd period - Andrew Copp wins face-off versus Jack Eichel in Panthers zone.
14:23 of 3rd period - Shot by Oskar Sundqvist.
14:23 of 3rd period - Shot Misses the Net.
14:25 of 3rd period - Shot by Oskar Sundqvist.
14:25 of 3rd period - Shot Misses the Net.
14:33 of 3rd period - Shot by Jean-Gabriel Pageau.
14:33 of 3rd period - Shot Misses the Net.
14:35 of 3rd period - Shot by Jean-Gabriel Pageau.
14:35 of 3rd period - Shot Misses the Net.
14:41 of 3rd period - Shot by Andrew Copp.
14:41 of 3rd period - Stopped by Carter Hart without a rebound.
14:42 of 3rd period - Dylan Larkin wins face-off versus Christian Dvorak in Blues zone.
14:55 of 3rd period - Shot by Christian Dvorak.
14:55 of 3rd period - Stopped by Corey Crawford with a rebound.
15:11 of 3rd period - Shot by Dylan Larkin.
15:11 of 3rd period - Stopped by Carter Hart without a rebound.
15:12 of 3rd period - Aleksander Barkov wins face-off versus Sean Couturier in Blues zone.
15:38 of 3rd period - Shot by Aleksander Barkov.
15:38 of 3rd period - Stopped by Carter Hart with a rebound.
16:31 of 3rd period - Shot by Josh Bailey.
16:31 of 3rd period - Shot Misses the Net.
16:33 of 3rd period - Shot by Josh Bailey.
16:33 of 3rd period - Shot Blocked by Alex Ovechkin.
16:57 of 3rd period - Miles Wood is hit by Samuel Girard and loses puck.
17:02 of 3rd period - Shot by Martin Necas.
17:02 of 3rd period - Stopped by Corey Crawford without a rebound.
17:03 of 3rd period - Jean-Gabriel Pageau wins face-off versus Sean Couturier in Panthers zone.
17:03 of 3rd period - Jean-Gabriel Pageau is hit by Sean Couturier.
17:15 of 3rd period - Shot by Johnny Gaudreau.
17:15 of 3rd period - Stopped by Corey Crawford without a rebound.
17:16 of 3rd period - Jordan Staal wins face-off versus Nate Thompson in Panthers zone.
17:20 of 3rd period - Minor Penalty to Michael Chaput for Hooking.
17:20 of 3rd period - Minor Penalty to Jeff Petry for High sticking.
17:21 of 3rd period - Aleksander Barkov wins face-off versus Jack Eichel in Panthers zone.
17:54 of 3rd period - Shot by Charlie McAvoy.
17:54 of 3rd period - Stopped by Carter Hart with a rebound.
17:57 of 3rd period - Icing by Dougie Hamilton.
17:58 of 3rd period - Jack Eichel wins face-off versus Dylan Larkin in Blues zone.
18:03 of 3rd period - Blues, Carter Hart is pulled from the net.
18:07 of 3rd period - Shot by Connor Brown.
18:07 of 3rd period - Shot Misses the Net.
18:19 of 3rd period - Shot by Sean Couturier.
18:19 of 3rd period - Stopped by Corey Crawford without a rebound.
18:20 of 3rd period - Sean Couturier wins face-off versus Dylan Larkin in Panthers zone.
18:35 of 3rd period - Icing by P.K. Subban.
18:36 of 3rd period - Carter Hart from Blues was sent back in the game.
18:36 of 3rd period - Sean Couturier wins face-off versus Aleksander Barkov in Blues zone.
18:41 of 3rd period - Quinn Hughes is hit by Sean Couturier.
18:50 of 3rd period - Blues, Carter Hart is pulled from the net.
19:07 of 3rd period - Icing by Quinn Hughes.
19:08 of 3rd period - Jack Eichel wins face-off versus Aleksander Barkov in Panthers zone.
19:13 of 3rd period - Shot by Jack Eichel.
19:13 of 3rd period - Stopped by Corey Crawford without a rebound.
19:14 of 3rd period - Jack Eichel wins face-off versus Dylan Larkin in Panthers zone.
19:17 of 3rd period - Shot by Connor Brown.
19:17 of 3rd period - Shot Misses the Net.
19:19 of 3rd period - Shot by Connor Brown.
19:19 of 3rd period - Deflect By Jack Eichel.
19:19 of 3rd period - Stopped by Corey Crawford without a rebound.
19:20 of 3rd period - Jean-Gabriel Pageau wins face-off versus Jack Eichel in Panthers zone.
19:29 of 3rd period - Shot by Colton Parayko.
19:29 of 3rd period - Deflect By Matt Calvert.
19:29 of 3rd period - Shot Blocked by Dougie Hamilton.
19:31 of 3rd period - Shot by Derek Grant.
19:31 of 3rd period - Goal by Derek Grant - Panthers : 4 - Blues : 2.
19:31 of 3rd period - Carter Hart from Blues was sent back in the game.
19:32 of 3rd period - Dylan Larkin wins face-off versus Christian Dvorak in neutral zone.
Goals for this period are 1 for Panthers vs 1 for Blues.
Shots for this period are 12 for Panthers vs 13 for Blues.